 Dungeon Sprint DCSS version 0.16-a0-3761-g2321f2b (console) character file.

3381 Monkaria the Grappler (level 9, -10/101 (102) HPs)
             Began as a Troll Fighter on Jan 24, 2015.
             Killed from afar by a crystal guardian (57 damage)
             ... with a crystal bolt
             ... in the Dungeon (Sprint II: "The Violet Keep of Menkaure").
             The game lasted 00:05:37 (718 turns).

Monkaria the Grappler (Troll Fighter)                Turns: 718, Time: 00:05:37

HP:   -10/101 (102) AC:  5    Str: 29    XL:     9   Next: 74%
MP:   4/4           EV: 12    Int:  4    God:
Gold: 561           SH: 12    Dex:  9    Spells: 0 memorised, 8 levels left

rFire  . . .     SeeInvis .       - Unarmed
rCold  . . .     Clarity  .     b - +0 robe
rNeg   . . .     SustAb   .     c - +0 shield (curse)
rPois  .         Gourm    +     (helmet restricted)
rElec  .         Spirit   .     (no cloak)
rCorr  .         Warding  .     (gloves unavailable)
rMut   .         NoTele   +     (boots unavailable)
MR     .....                    (no amulet)
Stlth  +.........               (no ring)
                                (no ring)

@: hasted and slowed, not resistant to hostile enchantments, very unstealthy
A: unfitting armour, claws 3, fast metabolism 3, gourmand, regeneration 2,
shaggy fur 1, tough skin 2
a: no special abilities


You were in the Dungeon.
You were very full.

You visited 1 branch You collected 1134 gold pieces.
You spent 573 gold pieces at shops.

Inventory:

Armour
 b - a +0 robe (worn)
 c - a cursed +0 shield (worn)
Scrolls
 j - a scroll of blinking
 n - 3 scrolls of identify
 p - 2 scrolls of remove curse
 q - a scroll of fog {unknown}
Potions
 e - 2 potions of might
 h - 2 potions of magic
 i - a potion of berserk rage
 k - a potion of mutation
 m - a potion of restore abilities
 o - a potion of agility {unknown}
Comestibles
 a - 2 meat rations


   Skills:
 - Level 10.4 Fighting
 - Level 2.4 Armour
 + Level 8.1 Dodging
 - Level 9.5 Shields
 - Level 12.8 Unarmed Combat


You had 8 spell levels left.
You didn't know any spells.

Dungeon Overview and Level Annotations

Branches:
Dungeon (1/1)

Altars:
Cheibriados
Dithmenos
Elyvilon
Fedhas
Nemelex Xobeh
Qazlal
Trog
Vehumet
Xom
Zin
The Shining One
Beogh
Jiyva

Shops:
D :*!=%([:[=!=(?:}

Annotations:
D exclusions: obsidian statue and oklob plant


Innate Abilities, Weirdness & Mutations

You are too large for most types of armour.
You have claws for hands.
Your metabolism is lightning-fast.
You like to eat raw meat.
You heal very quickly.
You are covered in fur (AC +1).
You have very tough skin (AC +2).


Message History

You feel much better.
You feel less woody.
Your +0 robe unmelds from your body.
The crystal guardian fires a crystalline bolt at you.
The crystal bolt misses you.
You scratch the crystal guardian but do no damage.
The crystal guardian is heavily damaged.
The crystal guardian hits you!
* * * LOW HITPOINT WARNING * * *
The crystal guardian hits you!
* * * LOW HITPOINT WARNING * * *
Drink which item? (? for menu, Esc to quit)
You feel much better.
You block the crystal guardian's attack.
Drink which item? (? for menu, Esc to quit)
You feel yourself speed up.
The crystal guardian fires a crystalline bolt at you.
The crystal bolt burns you!
Ouch! That really hurt!
You die...

≈§§§§≈≈**,,,,*,,***+****,*,*,,,**
§§8§§≈≈≈**++#*,,,+,,,*,,,*,,,,,**
§≈§≈≈≈≈**≈§..###,*,,,************
≈§§≈≈≈**,≈,§...#**,,,*≈≈≈≈≈≈≈≈***
++#+++##***,...#,##,,************
.......#,,+,,..#,.#,,*,,,,,,,,**,
##+##..#,,####.#,.#,,*,,,,,,,,**,
#...##.####..'^##8#,,*,,,,,,,,**,
..#..#....#..#..@#****,,,,,,,,**,
#...####..#####..#*,**,,,,,,,,**,
##)###.##..#..'..#,,**,,,,,,,,**,
##.###..#..#..#..#,,#*,,,,,,,,**,
'.<.'.##'..####..##.#*,,,,,,,,**,
##.###..#....###...##▓▓▓▓***+****
##'###.##......≈≈≈≈≈≈≈≈≈≈≈≈≈,,,≈≈
#.#.####≈≈.....≈#+#######*+***,≈≈
..##.#≈≈≈≈≈≈≈.§≈#.._._...*≈≈≈**≈≈


You could see a crystal guardian.

Vanquished Creatures
  2 death drakes (D)
  A siren (D)
  3 slime creatures (D)
  A baby alligator (D)
  A vampire mosquito (D)
  Menkaure (D)
  3 black bears (D)
  2 swamp drakes (D)
  4 necrophages (D)
  A crocodile (D)
  4 worker ants (D)
  3 worms (D)
26 creatures vanquished.

Notes
Turn   | Place    | Note
--------------------------------------------------------------
     0 | D        | Monkaria, the Troll Fighter, began the quest for the Orb.
     0 | D        | Reached XP level 1. HP: 22/22 MP: 1/1
     1 | D        | Noticed a siren
    17 | D        | Killed a siren
    17 | D        | Reached skill level 12 in Unarmed Combat
    17 | D        | Reached XP level 2. HP: 19/29 MP: 1/1
    17 | D        | Reached XP level 3. HP: 23/36 MP: 2/2
    17 | D        | Reached XP level 4. HP: 28/44 MP: 2/2
    17 | D        | Reached XP level 5. HP: 31/50 MP: 2/2
    17 | D        | Reached XP level 6. HP: 36/59 MP: 3/3
    55 | D        | Noticed a worker ant
    55 | D        | Noticed a worker ant
    57 | D        | Killed a worker ant
    59 | D        | Killed a worker ant
    60 | D        | Noticed a worker ant
    60 | D        | Noticed a worker ant
    66 | D        | Killed a worker ant
    69 | D        | Killed a worker ant
    69 | D        | Reached skill level 5 in Fighting
   140 | D        | Noticed a necrophage
   140 | D        | Noticed a necrophage
   140 | D        | Noticed a necrophage
   140 | D        | Noticed a necrophage
   147 | D        | Killed a necrophage
   147 | D        | Reached XP level 7. HP: 70/76 MP: 3/3
   152 | D        | Killed a necrophage
   155 | D        | Killed a necrophage
   156 | D        | Killed a necrophage
   178 | D        | Noticed Menkaure
   194 | D        | Killed Menkaure
   203 | D        | Noticed a baby alligator
   204 | D        | Noticed an obsidian statue
   213 | D        | Killed a baby alligator
   213 | D        | Reached skill level 10 in Fighting
   213 | D        | Reached XP level 8. HP: 30/94 MP: 3/3
   321 | D        | Found Toeniala's Gadget Shop.
   321 | D        | Found Zuimamy's Weapon Boutique.
   321 | D        | Found Qulojaum's Jewellery Shop.
   321 | D        | Found Coetara's Antique Weapon Boutique.
   321 | D        | Found Ryetiatz's Antique Armour Boutique.
   321 | D        | Found Furphet's Book Shop.
   321 | D        | Found Skuhaffa's Distillery.
   322 | D        | Found Saidae's Food Shop.
   322 | D        | Found Unorim's Magic Scroll Shop.
   323 | D        | Found Chaupt's Distillery.
   323 | D        | Found Qaoneh's Assorted Antiques.
   323 | D        | Found Sarialik's Jewellery Boutique.
   323 | D        | Found Twuopt's Antique Armour Boutique.
   323 | D        | Noticed a polar bear
   328 | D        | Found Treu's Book Boutique.
   328 | D        | Found Teisirche's Jewellery Shop.
   330 | D        | Noticed an oklob plant
   331 | D        | Found Upled's Book Shoppe.
   332 | D        | Noticed a polar bear
   343 | D        | Bought a potion of might for 40 gold pieces
   343 | D        | Bought a potion of curing for 30 gold pieces
   343 | D        | Bought a potion of curing for 30 gold pieces
   343 | D        | Bought a potion of mutation for 25 gold pieces
   343 | D        | Bought a potion of lignification for 30 gold pieces
   343 | D        | Bought a potion of restore abilities for 50 gold pieces
   348 | D        | Bought a scroll of identify for 24 gold pieces
   348 | D        | Bought a scroll of identify for 24 gold pieces
   348 | D        | Bought a scroll of magic mapping for 42 gold pieces
   348 | D        | Bought a scroll of remove curse for 36 gold pieces
   348 | D        | Bought a scroll of identify for 24 gold pieces
   354 | D        | Bought a bubbling blue potion for 25 gold pieces
   354 | D        | Bought a scroll labeled KAISIS JIVVOM for 28 gold pieces
   358 | D        | Bought a potion of heal wounds for 55 gold pieces
   358 | D        | Bought 2 potions of heal wounds for 110 gold pieces
   390 | D        | Noticed a vampire mosquito
   396 | D        | Killed a vampire mosquito
   407 | D        | Noticed an orange crystal statue
   413 | D        | Noticed a crocodile
   422 | D        | Killed a crocodile
   541 | D        | Found a stormy altar of Qazlal.
   541 | D        | Found a blossoming altar of Fedhas.
   542 | D        | Found a radiant altar of Vehumet.
   543 | D        | Found a white marble altar of Elyvilon.
   543 | D        | Found a sparkling altar of Nemelex Xobeh.
   543 | D        | Found a viscous altar of Jiyva.
   543 | D        | Found a bloodstained altar of Trog.
   544 | D        | Found a glowing silver altar of Zin.
   546 | D        | Found a shimmering altar of Xom.
   547 | D        | Found a glowing golden altar of the Shining One.
   547 | D        | Found a shadowy altar of Dithmenos.
   547 | D        | Found a roughly hewn altar of Beogh.
   547 | D        | Found a snail-covered altar of Cheibriados.
   551 | D        | Noticed a black bear
   552 | D        | Noticed a black bear
   552 | D        | Noticed a black bear
   554 | D        | Killed a black bear
   554 | D        | Reached skill level 5 in Shields
   555 | D        | Killed a black bear
   558 | D        | Killed a black bear
   577 | D        | Noticed a slime creature
   580 | D        | Noticed a slime creature
   581 | D        | Noticed a slime creature
   586 | D        | Killed a slime creature
   590 | D        | Killed a slime creature
   590 | D        | Reached XP level 9. HP: 53/102 MP: 4/4
   594 | D        | Killed a slime creature
   682 | D        | Noticed a swamp drake
   689 | D        | Killed a swamp drake
   690 | D        | Noticed a death drake
   695 | D        | Noticed a crystal guardian
   695 | D        | Noticed a swamp drake
   696 | D        | Noticed a death drake
   699 | D        | Killed a death drake
   707 | D        | Killed a death drake
   709 | D        | Killed a swamp drake
   718 | D        | Killed from afar by a crystal guardian

Action                   |  1- 3 |  4- 6 |  7- 9 || total
-------------------------+-------+-------+-------++-------
Melee: Unarmed           |    14 |    23 |    74 ||   111
  Use: Potion            |       |       |     9 ||     9
       Scroll            |       |       |     1 ||     1
  Eat: Chunk             |       |     3 |     7 ||    10
